 Dungeon Crawl Stone Soup version 0.22.1-2-g9c5b331 (webtiles) character file.

821 Haldmier the Chiller (level 7, -1/51 HPs)
             Began as a Merfolk Ice Elementalist on Nov 27, 2018.
             Was a Follower of Ashenzari.
             Slain by a mummy (12 damage)
             ... in an ossuary.
             The game lasted 00:25:21 (4950 turns).

Haldmier the Chiller (Merfolk Ice Elementalist)     Turns: 4950, Time: 00:25:22

Health: -1/51      AC:  9    Str:  8    XL:     7   Next: 95%
Magic:  5/12       EV: 14    Int: 17    God:    Ashenzari [*.....]
Gold:   171        SH:  0    Dex: 14    Spells: 2/12 levels left

rFire    . . .     SeeInvis .   a - +0 quarterstaff
rCold    . . .     Gourm    .   (shield currently unavailable)
rNeg     . . .     Faith    .   j - +0 leather armour
rPois    +         Spirit   .   (no helmet)
rElec    .         Reflect  .   (no cloak)
rCorr    .         Harm     .   (no gloves)
MR       .....                  (no boots)
Stlth    ++........             (no amulet)
HPRegen  0.17/turn              y - ring of poison resistance
MPRegen  0.13/turn              (no ring)

@: icy armour
A: change form in water, swift swim, stealthy swim
a: Curse Item, Scrying, Renounce Religion


You were in an ossuary.
You worshipped Ashenzari.
Ashenzari was aware of your devotion.
You were hungry.

You visited 1 branch of the dungeon, and saw 4 of its levels.
You also visited: Ossuary.

You collected 171 gold pieces.

Inventory:

Hand Weapons
 a - a +0 quarterstaff (weapon)
 b - a +0 hunting sling
 k - a +0 short sword
 s - a +0 trident
 z - a +2 short sword of draining
Missiles
 g - 144 stones (quivered)
 v - 4 tomahawks
Armour
 j - a +0 leather armour (worn)
 l - a +0 ring mail
 q - a +0 robe
 t - a +0 leather armour
Jewellery
 x - an uncursed ring of fire
 y - a ring of poison resistance (left hand)
Wands
 n - a wand of acid (7)
Scrolls
 d - 4 scrolls of remove curse
 e - 5 scrolls of teleportation {unknown}
 f - 3 scrolls of identify {unknown}
 h - 4 scrolls of fog {unknown}
 m - a scroll of blinking {unknown}
 o - 2 scrolls of noise {unknown}
 B - a scroll of enchant weapon {unknown}
Potions
 i - 3 potions of curing {unknown}
 p - a potion of brilliance {unknown}
 r - 2 potions of heal wounds
 u - a potion of magic {unknown}
 w - a potion of haste {unknown}
 A - a potion of agility {unknown}
Comestibles
 c - 2 rations


   Skills:
 + Level 2.8 Fighting
 + Level 4.7 Dodging
 + Level 4.2 Stealth
 + Level 3.3 Spellcasting
 + Level 2.0 Conjurations
 + Level 2.5 Charms
 + Level 1.6 Summonings
 * Level 5.8 Ice Magic


You had 2 spell levels left.
You knew the following spells:

 Your Spells              Type           Power        Failure   Level  Hunger
a - Freeze                Ice            ###.         2%          1    None
b - Throw Frost           Conj/Ice       ###...       8%          2    ##.....
c - Ozocubu's Armour      Chrm/Ice       ###.....     13%         3    ###....
d - Summon Ice Beast      Ice/Summ       ###.....     45%         4    ####...

Your spell library contained the following spells:

 Spells                   Type           Power        Failure   Level  Hunger
 Throw Icicle             Conj/Ice       ###.....     43%         4    ####...


Dungeon Overview and Level Annotations

Branches:
Dungeon (4/15)
 Temple: D:4-7

Altars:
Ashenzari
Hepliaklqana
Qazlal
Trog
Wu Jian


Message History

You hit the mummy.
The mummy is moderately damaged.
You closely miss the mummy.
The mummy is moderately damaged.
The mummy hits you.
* * * LOW HITPOINT WARNING * * *
You feel much better. The mummy hits you.
You hit the mummy.
The mummy is moderately damaged.
You closely miss the mummy.
The mummy is moderately damaged.
The mummy hits you!
* * * LOW HITPOINT WARNING * * *
You hit the mummy.
The mummy is heavily damaged.
The mummy hits you but does no damage.
You hit the mummy but do no damage.
The mummy is heavily damaged.
The mummy hits you!
You die...

.......#...#...........#
#8...8######...........#
.......#^.^#.....8.....#
...8...#...'.....#.....#
...#...#..^#.....#.....#
#'#######'###########'##
...#...#...#.^.#...#^.^#
^.^'...8...#..†M...'...#
.^.#.......#.^^#@..#...#
#####8...8###'##########
?.M#.......#M..# #!??#
...#...8...#...8...#?.?#
!?!#...#...#.......#...#
#+###########8..s8###'##
.......# Zs +...8...'.
#...#...#..


You could see a mummy.

Vanquished Creatures
  6 scorpions (Ossuary)
  2 human zombies (Ossuary)
  6 centaur zombies
  2 orc priests (D:3)
  3 big kobold zombies (Ossuary)
  A mummy (Ossuary)
  2 adders
  4 scorpion zombies (Ossuary)
  2 dart slugs
  4 worms
  6 leopard geckos
  10 orcs (D:3)
  2 giant cockroaches
  A gnoll zombie (Ossuary)
  7 goblins
  5 hobgoblins
  6 jackals
  3 quokkas
  4 bats
  A goblin zombie (Ossuary)
  8 kobolds
  A kobold zombie (Ossuary)
  8 rats
94 creatures vanquished.

Vanquished Creatures (others)
  A scorpion (Ossuary)
  A mummy (Ossuary)
2 creatures vanquished.

Grand Total: 96 creatures vanquished

Notes
Turn   | Place    | Note
-------+----------+-------------------------------------------
     0 | D:1      | Haldmier the Merfolk Ice Elementalist began the quest for
                  | the Orb.
     0 | D:1      | Reached XP level 1. HP: 13/13 MP: 3/3
   463 | D:1      | Reached XP level 2. HP: 19/19 MP: 1/5
   491 | D:1      | Found a shattered altar of Ashenzari.
   638 | D:1      | Became a worshipper of Ashenzari the Shackled
   715 | D:1      | Learned a level 2 spell: Throw Frost
  1144 | D:2      | Reached XP level 3. HP: 24/24 MP: 4/6
  1461 | D:2      | Reached skill level 4 in Ice Magic
  1873 | D:2      | Reached XP level 4. HP: 31/31 MP: 4/7
  1881 | D:2      | Learned a level 3 spell: Ozocubu's Armour
  1903 | D:2      | Found an ornate altar of the Wu Jian Council.
  1962 | D:2      | Found a bloodstained altar of Trog.
  2128 | D:3      | Reached skill level 1 in Fighting
  2192 | D:3      | Reached skill level 1 in Conjurations
  2458 | D:3      | Reached XP level 5. HP: 14/37 MP: 0/8
  2953 | D:3      | Found a hazy altar of Hepliaklqana.
  2960 | D:3      | Reached skill level 1 in Charms
  2977 | D:3      | Reached * piety under Ashenzari
  3380 | D:4      | Found a stormy altar of Qazlal.
  3391 | D:4      | Found a sand-covered staircase.
  3404 | Ossuary  | Entered an ossuary
  3514 | Ossuary  | Reached XP level 6. HP: 44/44 MP: 4/10
  3716 | Ossuary  | Learned a level 4 spell: Summon Ice Beast
  3734 | Ossuary  | Reached skill level 5 in Ice Magic
  4053 | Ossuary  | Reached XP level 7. HP: 50/50 MP: 5/11
  4312 | Ossuary  | Reached skill level 1 in Summonings
  4950 | Ossuary  | Slain by a mummy

Skill      XL: |  1  2  3  4  5  6  7 |
---------------+----------------------+-----
Dodging        | 3 4 |  4.7
Ice Magic      | 4 5 |  5.8
Fighting       | 1 2 |  2.8
Stealth        | 3 4 |  4.2
Conjurations   | 1 2 |  2.0
Charms         | 1 2 |  2.5
Spellcasting   | 3 |  3.3
Summonings     | 1 |  1.6

Action                   |  1- 3 |  4- 6 |  7- 9 || total
-------------------------+-------+-------+-------++-------
Melee: Unarmed           |     5 |       |       ||     5
       Short sword       |    15 |       |       ||    15
       Quarterstaff      |     2 |    74 |   138 ||   214
 Fire: Hunting sling     |    20 |    76 |     5 ||   101
Throw: Stone             |    26 |     6 |       ||    32
 Cast: Freeze            |    47 |    67 |    13 ||   127
       Ozocubu's Armour  |       |     6 |    11 ||    17
  Use: Potion            |       |     1 |     1 ||     2
 Stab: Sleeping          |     3 |     1 |     1 ||     5
  Eat: Chunk             |     4 |     5 |       ||     9
       Ration            |       |     1 |     1 ||     2
Armor: Leather armour    |    14 |    27 |    45 ||    86
Dodge: Dodged            |    62 |    80 |    79 ||   221
